 Dungeon Crawl Stone Soup version 0.28-a0-305-g9e858e973b (webtiles) character file.

Game seed: 7461777399560387627

2933 timneilson the Protected (level 9, -5/55 HPs)
             Began as a Gargoyle Fighter on Aug 29, 2021.
             Slain by an unseen horror (6 damage)
             ... on level 7 of the Dungeon.
             The game lasted 00:14:16 (6972 turns).

timneilson the Protected (Gargoyle Fighter)         Turns: 6972, Time: 00:14:17

Health: -5/55      AC: 27    Str: 23    XL:     9   Next: 80%
Magic:  9/9        EV:  7    Int:  9    God:
Gold:   306        SH: 14    Dex:  9    Spells: 8/8 levels left

rFire   . . .      SeeInvis .   d - +3 scimitar
rCold   . . .      Faith    .   c - +0 kite shield
rNeg    + . .      Spirit   .   i - +3 chain mail {rPois}
rPois   ∞          Reflect  +   k - +2 helmet
rElec   +          Harm     .   x - +1 cloak
rCorr   .          Rampage  .   f - +0 pair of gloves
Will    +....                   (no boots)
Stlth   ..........              h - amulet of reflection
HPRegen 0.18/turn               u - ring of willpower
MPRegen 0.11/turn               (no ring)

@: no status effects
A: sickness immunity, AC +6, negative energy resistance 1, electricity
resistance, torment resistance 1, petrification resistance
a: no special abilities


You were on level 7 of the Dungeon.
You visited 1 branch of the dungeon, and saw 7 of its levels.

You collected 306 gold pieces.

Inventory:

Hand Weapons
 a - a +0 long sword
 d - a +3 scimitar (weapon)
Armour
 c - a +0 kite shield (worn)
 f - a +0 pair of gloves (worn)
 i - a +3 chain mail of poison resistance (worn)
 k - a +2 helmet (worn)
 x - a +1 cloak (worn)
Jewellery
 h - an amulet of reflection (around neck)
 u - a ring of willpower (left hand)
Wands
 b - a wand of charming (7)
 e - a wand of paralysis (3)
 t - a wand of digging (4)
Scrolls
 m - 2 scrolls of teleportation
 n - a scroll of magic mapping
 p - a scroll of blinking
 y - a scroll of fog
Potions
 j - 2 potions of brilliance
 l - 2 potions of flight
 o - a potion of resistance
 q - a potion of curing
 r - 3 potions of berserk rage
 s - a potion of attraction
 v - a potion of haste
 w - a potion of invisibility


   Skills:
 + Level 5.9 Fighting
 * Level 6.3 Long Blades
 * Level 8.1 Armour
 * Level 8.1 Shields
 + Level 3.6 Evocations


You had 8 spell levels left.
You didn't know any spells.
Your spell library contained the following spells:

 Spells                   Type           Power      Damage    Failure   Level
 Static Discharge         Conj/Air       0%         N/A       100%        2
 Dispel Undead            Necr           0%         3d6       100%        4
 Sticky Flame             Conj/Fire      0%         2d3       100%        4


Dungeon Overview and Level Annotations

Branches:
Dungeon (7/15)
 Temple: D:4-7

Altars:
Fedhas
Hepliaklqana
Uskayaw
Wu Jian
The Shining One

Shops:
D:1 (

Portals:
Abyss: D:5

Annotations:
D:5 2 transporters, robertstho's ghost, amateur DsIE


Innate Abilities, Weirdness & Mutations

You are immune to sickness and miasma.
Your stone body is resilient. (AC +6)
You are immune to poison.
You resist negative energy. (rN+)
You are resistant to electric shocks. (rElec)
You are resistant to unholy torment.
You are immune to petrification.


Message History

You miss something. You block something's attack. You block something's attack.
You closely miss something.
Something hits you but does no damage. x3
You miss something. Something hits you but does no damage.
Something hits you but does no damage.
A bullfrog comes into view.
Something hits you.
* * * LOW HITPOINT WARNING * * *
You closely miss something.
The bullfrog gives a loud, deep croak!
Something hits you but does no damage. x2
You slash something! You block something's attack.
Something hits you but does no damage. Something hits you.
* * * LOW HITPOINT WARNING * * *
You closely miss something. You block something's attack.
Something hits you but does no damage. You block something's attack.
You hit something. Something hits you but does no damage.
The bullfrog releases a deep croak.
You block the bullfrog's attack.
You closely miss the bullfrog.
The bullfrog hits you but does no damage.
The bullfrog closely misses you. Something hits you.
* * * LOW HITPOINT WARNING * * *
You closely miss the bullfrog. You block something's attack.
You block the bullfrog's attack. x2
You slash the bullfrog!
The bullfrog is severely wounded.
Something hits you but does no damage. x2; You block the bullfrog's attack. x2
You closely miss the bullfrog.
The bullfrog is severely wounded.
Something hits you.
* * * LOW HITPOINT WARNING * * *
The bullfrog barely misses you. The bullfrog hits you.
* * * LOW HITPOINT WARNING * * *
Your shield and chain mail prevent you from hitting the bullfrog.
The bullfrog is severely wounded.
You block the bullfrog's attack.
The bullfrog hits you but does no damage.
Something hits you.
You die...

#.# #.#
#)#####.##
#.).......
#.##.#####
#.##.#
#F##.#
#.##.##
#@....###
#.###...#
#.# #.#.#
#.###.#.#
#.<...#.#
###.###.#
#.# .# #.#
.# #.# .#


You could see a bullfrog.

Vanquished Creatures
  Pikel (D:6)
  Grinder (D:3)
  Grum (D:5)
  An orc warrior (D:3)
  An ogre (D:4)
  A wolf (D:5)
  A kobold brigand (D:4)
  A bullfrog (D:6)
  3 gnoll sergeants (D:5)
  4 scorpions
  A water moccasin zombie (D:5)
  5 wights (D:6)
  11 hounds
  Crazy Yiuf (D:6)
  7 orc priests
  Ijyb (D:3)
  2 iguanas
  4 orc wizards
  Robin (D:2)
  6 adders
  4 gnolls (D:5)
  A white imp (D:6)
  An ufetubus (D:6)
  An adder skeleton (D:4)
  5 worms (D:2)
  8 dart slugs
  28 orcs
  9 ball pythons
  8 endoplasms
  4 giant cockroaches
  12 goblins
  3 hobgoblins
  6 quokkas
  6 bats
  4 frilled lizards
  29 kobolds
  7 rats
190 creatures vanquished.

Vanquished Creatures (others)
  9 plants (D:4)
9 creatures vanquished.

Grand Total: 199 creatures vanquished

Notes
Turn   | Place    | Note
-------+----------+-------------------------------------------
     0 | D:1      | timneilson the Gargoyle Fighter began the quest for the
                  | Orb.
     0 | D:1      | Reached XP level 1. HP: 14/14 MP: 1/1
   105 | D:1      | Reached XP level 2. HP: 19/19 MP: 2/2
   984 | D:1      | Found Ahunosm's Antique Weapon Boutique.
  1185 | D:2      | Reached XP level 3. HP: 23/23 MP: 3/3
  1436 | D:2      | Reached XP level 4. HP: 17/28 MP: 4/4
  1596 | D:2      | Noticed Robin
  1614 | D:2      | Killed Robin
  2177 | D:3      | Noticed Ijyb
  2182 | D:3      | Paralysed by Ijyb for 5 turns
  2193 | D:3      | Paralysed by Ijyb for 2 turns
  2196 | D:3      | Killed Ijyb
  2197 | D:3      | Reached XP level 5. HP: 31/33 MP: 5/5
  2310 | D:3      | Noticed Grinder
  2310 | D:3      | Paralysed by Grinder for 7 turns
  2433 | D:3      | Paralysed by Grinder for 5 turns
  2447 | D:3      | Paralysed by Grinder for 5 turns
  2454 | D:3      | Killed Grinder
  2455 | D:3      | Reached skill level 5 in Armour
  2455 | D:3      | Reached XP level 6. HP: 32/38 MP: 6/6
  2578 | D:3      | Found a faded altar of an unknown god.
  2630 | D:3      | Reached skill level 1 in Evocations
  3119 | D:4      | Reached skill level 5 in Shields
  3182 | D:4      | Noticed an orc warrior
  3186 | D:4      | Reached XP level 7. HP: 25/43 MP: 7/7
  3622 | D:4      | Found a hazy altar of Hepliaklqana.
  4133 | D:4      | Found a glowing golden altar of the Shining One.
  4242 | D:4      | Found a hide-covered altar of Uskayaw.
  4359 | D:4      | Reached XP level 8. HP: 44/48 MP: 8/8
  4695 | D:5      | Entered Level 5 of the Dungeon
  4888 | D:5      | Found a blossoming altar of Fedhas.
  4949 | D:5      | Found a transporter.
  4968 | D:5      | Found a one-way gate to the infinite horrors of the Abyss.
  4969 | D:5      | Noticed robertstho's ghost (amateur DsIE)
  5001 | D:5      | Found a transporter.
  5119 | D:5      | Reached skill level 5 in Fighting
  5148 | D:5      | Reached skill level 5 in Long Blades
  5415 | D:5      | Noticed Grum
  5429 | D:5      | Killed Grum
  5455 | D:5      | Reached XP level 9. HP: 35/54 MP: 9/9
  6078 | D:6      | Noticed Pikel
  6106 | D:6      | Killed Pikel
  6116 | D:6      | Found an ornate altar of the Wu Jian Council.
  6560 | D:6      | Found a runed translucent door.
  6561 | D:6      | Noticed Crazy Yiuf
  6567 | D:6      | Killed Crazy Yiuf
  6969 | D:7      | HP: 1/55 [bullfrog (5)]
  6972 | D:7      | Slain by an unseen horror

Illustrated notes

Levels and vault maps discovered:
D:1:      dpeg_arrival_pond, layout_basic, serial_shops, shop_statue
D:2:      layout_loops_ring, minmay_heptomino_w4, uniq_robin
D:3:      layout_basic, ebering_ecumenical_altar_mist, uniq_ijyb, uniq_grinder
D:4:      kennysheep_kobold_camp, layout_layer_cave, tso_metal_star,
          mainiacjoe_overflow_alcove_1, nicolae_hepliaklqana_hazy_memory,
          amethyst_killhole, kennysheep_dice
D:5:      kennysheep_slugbush, layout_cave_pools,
          nicolae_overflow_crystal_walls, gammafunk_ghost_abyssal_escape,
          serial_gnoll_camp, gnoll_camp_mini_hut, grums_kennel,
          gnoll_camp_mini_house, gnoll_camp_mini_basic
D:6:      layout_rooms, general_overflow_altar, grunt_ministairs_10, uniq_pikel,
          uniq_crazy_yiuf_cottage
D:7:      nzn_winding_woodlands_stair_cross [nzn_winding_woodlands_5x15_garden,
          nzn_winding_woodlands_center_garden, nzn_winding_woodlands_5x15_pool,
          nzn_winding_woodlands_5x5_checkerboard,
          nzn_winding_woodlands_5x5_three,
          nzn_winding_woodlands_5x15_river_crossing,
          nzn_winding_woodlands_center_pierced_h,
          nzn_winding_woodlands_5x15_concentric], layout_loops_ring,
          minmay_temple_entry_purple_smoke

Skill      XL: |  1  2  3  4  5  6  7  8  9 |
---------------+----------------------------+-----
Long Blades    | 2 3 4 5 6 |  6.3
Armour         | 4 5 6 7 8 |  8.1
Shields        | 4 5 6 8 |  8.1
Fighting       | 4 5 |  5.9
Evocations     | 1 2 3 |  3.6

Action                   |  1- 3 |  4- 6 |  7- 9 || total
-------------------------+-------+-------+-------++-------
Melee: Long sword        |   143 |   192 |   397 ||   732
       Unarmed           |       |     2 |       ||     2
       Scimitar          |       |       |   132 ||   132
  Use: Scroll            |       |     5 |     9 ||    14
       Potion            |       |       |     3 ||     3
Armor: Scale mail        |    82 |    67 |       ||   149
       Chain mail        |       |    65 |   361 ||   426
       Skin              |       |     5 |       ||     5
Dodge: Dodged            |    38 |    53 |    98 ||   189
Block: Kite shield       |    82 |   189 |   454 ||   725
       Reflection        |       |     2 |    25 ||    27

Table legend: (Time is in decaauts)
 A = Elapsed time spent in this place.
 B = Non-inter-level travel time spent in this place.
 C = Inter-level travel time spent in this place.
 D = Time resting spent in this place.
 E = Time spent auto-exploring this place.
 F = Levels seen in this place.
 G = Mean time per level.
                   A        B        C        D        E       F      G
               +--------+--------+--------+--------+--------+-----+--------+
         Total |   7302 |   7150 |    152 |    295 |   4633 |   7 | 1043.1 |
       Dungeon |   7302 |   7150 |    152 |    295 |   4633 |   7 | 1043.1 |
               +--------+--------+--------+--------+--------+-----+--------+

Top non-repeatable levels by time:
     D:4: 1386 daAuts
     D:3: 1258 daAuts
     D:5: 1247 daAuts
     D:1: 1222 daAuts
     D:2: 1059 daAuts
     D:6: 1032 daAuts
     D:7: 96 daAuts
